 Dungeon Crawl Stone Soup version 0.19-a0-1682-g5114f93 (webtiles) character file.

157 Charly the Ruffian (level 5, -2/45 HPs)
             Began as a Ghoul Monk on Sept 24, 2016.
             Slain by an ogre
             ... wielding a +0 giant club
              (20 damage)
             ... on level 4 of the Dungeon.
             The game lasted 00:16:46 (1583 turns).

Charly the Ruffian (Ghoul Monk)                     Turns: 1583, Time: 00:16:46

Health: -2/45      AC:  9    Str: 20    XL:     5   Next: 38%
Magic:  4/4        EV: 10    Int:  5    God:
Gold:   134        SH:  0    Dex: 12    Spells: 0 memorised, 4 levels left

rFire  + . .     SeeInvis .       - Unarmed
rCold  + . .     Gourm    .     e - +0 scale mail
rNeg   + + +     Faith    .     (no shield)
rPois  ∞         Spirit   .     q - -2 helmet (curse)
rElec  .         Dismiss  .     (no cloak)
rCorr  .         Reflect  .     (no gloves)
MR     .....     Harm     .     (no boots)
Stlth  +.........               (no amulet)
                                f - ring of protection from fire
                                u - +3 ring of protection

@: mighty, rotting
A: rotting body, claws 1, carnivore 3, cold resistance 1, negative energy
resistance 3, slow regeneration 1, torment resistance, unbreathing
a: no special abilities


You were on level 4 of the Dungeon.
You were not hungry.

You visited 1 branch of the dungeon, and saw 4 of its levels.

You collected 134 gold pieces.

Inventory:

Hand Weapons
 r - a +2 dagger of draining
Armour
 d - a +0 ring mail
 e - a +0 scale mail (worn)
 q - a cursed -2 helmet (worn)
 t - a +1 helmet
Jewellery
 f - a ring of protection from fire (right claw)
 u - a +3 ring of protection (left claw)
Wands
 a - a wand of slowing (33/48)
Scrolls
 c - 2 scrolls of blinking
 i - a scroll of immolation {unknown}
 j - a scroll of noise {unknown}
 k - a scroll of teleportation {unknown}
 n - 2 scrolls of fog {unknown}
 o - a scroll of enchant weapon {unknown}
 p - 2 scrolls of recharging
 v - a scroll of enchant armour
Potions
 g - a potion of resistance
 h - a potion of haste
 m - 2 potions of curing
 s - a potion of brilliance {unknown}
Comestibles
 b - a meat ration


   Skills:
 - Level 3.2 Fighting
 - Level 2.6 Dodging
 - Level 2.1 Stealth
 + Level 6.5 Unarmed Combat


You had 4 spell levels left.
You didn't know any spells.

Dungeon Overview and Level Annotations

Branches:
Dungeon (4/15)
 Temple: D:4-7

Altars:
Ashenzari
Okawaru

Annotations:
D:2 exclusion: downstairs
D:3 Ishikai's ghost, amateur FoCK
D:4 Pikel


Innate Abilities, Weirdness & Mutations

Your body is rotting away.
You thrive on raw meat.
You are immune to poison.
You have sharp fingernails.
You are carnivorous and can eat meat at any time.
Your flesh is cold resistant. (rC+)
You are immune to negative energy. (rN+++)
You regenerate slowly when monsters are visible.
You are immune to unholy pain and torment.
You can survive without breathing.


Message History

Level annotation: Pikel Unknown command.
Evoke which item? (* to show all) (? for menu, Esc to quit)
Zapping:
a - a wand of slowing {zapped: 2} (will waste charges)
Press: ? - help, Shift-Dir - straight line, f - ogre
Aim: an ogre, wielding a giant club (chance to defeat MR: 51%)
The ogre resists with significant effort.
Evoking this partially-identified wand wasted a few charges.
You feel very mighty all of a sudden.
The slave shouts!
You scratch the ogre.
The ogre is lightly wounded.
You mangle the ogre!!
The ogre is severely wounded.
The ogre hits you with a giant club!!
* * * LOW HITPOINT WARNING * * *
You barely miss the ogre.
The ogre is severely wounded.
The orc priest closely misses you. The ogre hits you with a giant club!!
You die...

##......##... .##
##.....>%.#... #...
#....<....!p.. ...
#.........pKp ..# #.
#..........# ..#......#
#.......p..# ###....#.#..
#.....%....### ##......#.#.#
......<......###.Oo# #.#.#.#
...........#.#..@#.# #.#...
.......!.....#.###O# #....#
...................####o..###
#..........)..###..o...o....#
#.............###.##.O#<.##.#
##........p...O#..##.....#
##..........#.[..#...##...
#...............:..
##....<)....###...#


You could see an ogre, a slave and an orc priest.

Vanquished Creatures
  A slave (D:3)
  A hound (D:3)
  Ijyb (D:2)
  A worker ant (D:3)
  Robin (D:2)
  3 worms
  2 dart slugs
  2 leopard geckos (D:2)
  3 orcs
  3 bats (D:1)
  3 giant cockroaches
  5 hobgoblins
  3 jackals
  2 kobolds
  A quokka (D:3)
  2 frilled lizards (D:3)
  11 goblins
  A quokka zombie (D:3)
  5 rats
51 creatures vanquished.

Notes
Turn   | Place    | Note
-------+----------+-------------------------------------------
     0 | D:1      | Charly the Ghoul Monk began the quest for the Orb.
     0 | D:1      | Reached XP level 1. HP: 19/19 MP: 0/0
   193 | D:1      | Reached XP level 2. HP: 26/26 MP: 1/1
   321 | D:2      | Reached skill level 4 in Unarmed Combat
   455 | D:2      | You fall through a shaft!
   463 | D:3      | Noticed Ishikai's ghost (amateur FoCK)
   575 | D:2      | Reached XP level 3. HP: 31/31 MP: 2/2
   586 | D:2      | Noticed Robin
   616 | D:2      | Found an iron altar of Okawaru.
   684 | D:2      | Killed Robin
   684 | D:2      | Reached skill level 5 in Unarmed Combat
   702 | D:2      | Noticed Ijyb
   750 | D:2      | Killed Ijyb
   750 | D:2      | Reached XP level 4. HP: 27/38 MP: 3/3
   795 | D:2      | Found a shattered altar of Ashenzari.
  1170 | D:3      | Reached skill level 6 in Unarmed Combat
  1170 | D:3      | Reached XP level 5. HP: 44/45 MP: 4/4
  1259 | D:4      | Noticed a slave
  1259 | D:4      | Noticed a slave
  1259 | D:4      | Noticed a slave
  1260 | D:4      | Noticed Pikel
  1260 | D:4      | Noticed a slave
  1327 | D:4      | Noticed an ogre
  1353 | D:3      | Killed a slave
  1583 | D:4      | Slain by an ogre

Vault maps used:
D:1:      dpeg_arrival_shrine
D:2:      lemuel_crystal_altar, lemuel_doored_altar, lemuel_statue_altar,
          uniq_robin, uniq_iyjb
D:4:      kennysheep_little_box, first_bread, uniq_pikel, uniq_duvessa

Skill      XL: |  1  2  3  4 |
---------------+-------------+-----
Unarmed Combat | 4 5 6 |  6.5
Fighting       | |  3.2
Dodging        | |  2.6
Stealth        | |  2.1

Action                   |  1- 3 |  4- 6 || total
-------------------------+-------+-------++-------
Melee: Unarmed           |   122 |   100 ||   222
       Dagger            |    14 |       ||    14
       Punch             |       |     3 ||     3
Evoke: Wand              |       |     4 ||     4
  Use: Scroll            |     1 |     6 ||     7
       Potion            |       |     1 ||     1
 Stab: Sleeping          |     2 |       ||     2
  Eat: Pizza             |     1 |       ||     1
       Chunk             |     1 |    10 ||    11
Armor: Ring mail         |    33 |    26 ||    59
       Robe              |     2 |       ||     2
Dodge: Dodged            |    54 |    43 ||    97
